 Dungeon Crawl Stone Soup version 0.29.1-2-gbd0b4ee654 (webtiles) character file.

Game seed: 3870049815084213286

2 xian the Conjurer (level 1, 0/18 HPs)
             Began as a Naga Wanderer on Nov 8, 2022.
             Slain by a quokka (2 damage)
             ... on level 1 of the Dungeon.
             The game lasted 00:00:55 (115 turns).

xian the Conjurer (Naga Wanderer)                    Turns: 115, Time: 00:00:56

Health: 0/18       AC:  1    Str: 16    XL:     1   Next: 40%
Magic:  0/2        EV:  9    Int:  9    God:
Gold:   19         SH:  0    Dex: 11    Spells: 1/2 levels left

rFire   . . .      SeeInvis +   a - +0 club
rCold   . . .      Faith    .   (no shield)
rNeg    . . .      Spirit   .   d - +0 leather armour
rPois   +          Reflect  .   (no helmet)
rElec   .          Harm     .   (no cloak)
rCorr   .          Rampage  .   (no gloves)
Will    .....                   (no barding)
Stlth   +.........              (no amulet)
HPRegen 0.06/turn               (no ring)
MPRegen 0.08/turn               (no ring)

@: very slow
A: AC +0, large, see invisible, deformed body, poison resistance, slowness 2,
spit poison 1, naga tail 1
a: Spit Poison


You were on level 1 of the Dungeon.
You visited 1 branch of the dungeon, and saw 1 of its levels.

You collected 19 gold pieces.

Inventory:

Hand Weapons
 a - a +0 club (weapon)
Armour
 d - a +0 leather armour (worn)
Scrolls
 e - a scroll of butterflies
Potions
 c - a potion of brilliance
Miscellaneous
 b - a piece from Xom's chessboard (15/15)


   Skills:
 + Level 1.0 Fighting
 + Level 1.0 Unarmed Combat
 + Level 1.0 Spellcasting
 + Level 5.1 Conjurations
 + Level 2.0 Evocations


You had one spell level left.
You knew the following spells:

 Your Spells              Type           Power      Damage    Failure   Level
a - Foxfire               Conj/Fire      20%        2x1d5     16%         1

Your spell library contained the following spells:

 Spells                   Type           Power      Damage    Failure   Level
 Fulminant Prism          Conj/Hex       2%         3d6       85%         4
 Sticky Flame             Conj/Fire      5%         2d3       85%         4


Dungeon Overview and Level Annotations

Branches:
Dungeon (1/15)

Altars:


Innate Abilities, Weirdness & Mutations

Your serpentine skin is tough. (AC +0)
You have supernaturally acute eyesight. (SInv)
Armour fits poorly on your strangely shaped body.
Your system is resistant to poisons. (rPois)
You cover ground very slowly.
You can spit poison.
You have a snake-like lower body.


Message History

You barely miss the endoplasm. The endoplasm freezes you.
You are frozen.
Your foxfire dissipates!
The endoplasm closely misses you. The endoplasm attacks as you move away!
The endoplasm hits you. The endoplasm barely misses you.
You conjure some foxfire!
The endoplasm hits you.
Unknown command.
Aiming: Spit Poison (3% risk of failure)
Press: ? - help, Shift-Dir - straight line, f - endoplasm
Aim: an endoplasm (ally target, 96% to hit)
The splash of poison misses the endoplasm.
The foxfire hits the endoplasm.
The endoplasm is almost dead.
The foxfire hits the endoplasm.
You kill the endoplasm!
The quokka bites you.
You are too injured to fight recklessly!
You can't do that yet.
Casting: Foxfire (safe; 16% risk of failure)
Confirm with . or Enter, or press ? or * to list all spells.
You conjure some foxfire!
The quokka closely misses you.
Unknown command.
Casting: Foxfire (safe; 16% risk of failure)
Confirm with . or Enter, or press ? or * to list all spells.
You don't have enough magic to cast this spell.
The foxfire hits the quokka.
The quokka is heavily wounded.
The foxfire hits the quokka.
The quokka is severely wounded.
The quokka bites you.
* * * LOW HITPOINT WARNING * * *
The quokka bites you.
* * * LOW HITPOINT WARNING * * *
You can't do that yet.
Unknown command.
You have got your breath back.
The quokka bites you.
You die...

#~~~~~#.#~~~~~#...#
~~ยง#+#~~~ ####.#
#####.######.##.#
#.#####..##.#
##........##.#
###.######............#
......)....#.#####.####
....######...#####.#
>.......@r.........#
...################


You could see a quokka.

Vanquished Creatures
  An endoplasm (D:1)
  A ball python (D:1)
  A goblin (D:1)
3 creatures vanquished.

Vanquished Creatures (others)
  6 foxfires (D:1)
6 creatures vanquished.

Grand Total: 9 creatures vanquished

Notes
Turn   | Place    | Note
-------+----------+-------------------------------------------
     0 | D:1      | xian the Naga Wanderer began the quest for the Orb.
     0 | D:1      | xian set off with the following items: a +0 club, a piece
                  | from Xom's chessboard (15/15), a potion of brilliance, a +0
                  | leather armour, a scroll of butterflies; and the following
                  | spell memorised: Foxfire; and the following spells
                  | available to memorise: Fulminant Prism, Sticky Flame.
     0 | D:1      | Reached XP level 1. HP: 18/18 MP: 2/2
   115 | D:1      | Slain by a quokka

Illustrated notes

Levels and vault maps discovered:
D:1:      saegor_arrival_miasma, layout_loops_ring,
          ebering_ecumenical_altar_rust

Action                   || total
-------------------------++-------
Melee: Club              ||     3
 Cast: Foxfire           ||     4
 Abil: Spit Poison       ||     3
Dodge: Dodged            ||     6
